 Dungeon Crawl Stone Soup version 0.32-a0-30-gefbe487952 (webtiles) character file.

Game seed: 597486607095943129

6733 senseless the Prestidigitator (level 11, 0/79 HPs)
             Began as a Djinni Fighter on Jan 19, 2024.
             Was a Priest of Qazlal.
             Slain by a troll (10 damage)
             ... on level 8 of the Dungeon.
             The game lasted 00:24:03 (8500 turns).

senseless the Prestidigitator (Djinni Fighter)      Turns: 8500, Time: 00:24:03

Health: 0/79       AC: 22    Str: 25    XL:     11   Next: 24%
Gold:   385        EV:  7    Int: 14    God:    Qazlal [***...] SH: 15 Dex: 12

rFire   + + +        q - +8 hammer "Gar Gaickaz" {freeze, Will+ Int+3}
rCold   x . .        M - +0 buckler {rPois}
rNeg    . . .        x - +0 plate armour
rPois   ∞            t - +2 helmet
rElec   .            d - +2 cloak
rCorr   .            N - +1 pair of gloves
SInv    .            (boots unavailable)
Will    ++...        l - amulet of reflection Stlth
                     u - +6 ring of strength
HPRegen 0.00/turn    m - ring of protection from fire
MPRegen 0.00/turn

%: reflection, infuse magic (-1 HP)
@: mighty, on berserk cooldown, flying, inhibited regen, slowed, studying
Evocations, very slow
A: sickness immunity, fire resistance 2, cold vulnerability 1, float, innate
caster, HP casting, extra vitality 1, inhibited regeneration
a: Renounce Religion, Upheaval, Elemental Force


You were on level 8 of the Dungeon.
You worshipped Qazlal.
Qazlal was most pleased with you.
You visited 1 branch of the dungeon, and saw 9 of its levels.
You also visited: Sewer.

You collected 545 gold pieces.
You spent 160 gold pieces at shops.

Inventory:

Hand Weapons
 n - a +1 spectral flail
 q - the +8 hammer "Gar Gaickaz" (weapon) {freeze, Will+ Int+3}
   (You found it on level 2 of the Dungeon)

   Int+3:     It affects your intelligence (+3).
   Will+:     It increases your willpower.
 A - the +7 dagger "Maxoasse" {heavy, rPois rCorr}
   (You found it on level 6 of the Dungeon)

   rPois:     It protects you from poison rCorr: It protects you from acid and
   corrosion.
Armour
 d - a +2 cloak (worn)
 t - a +2 helmet (worn)
 x - a +0 plate armour (worn)
 M - a +0 buckler of poison resistance (worn)
 N - a +1 pair of gloves (worn)
Jewellery
 g - the ring "Qocuts" {Fire Dex+2}
   (You found it on level 4 of the Dungeon)

   [ring of fire]

   Fire:      It enhances your fire magic.
   Dex+2:     It affects your dexterity (+2).
   rF+:       It protects you from fire.
   rC-:       It makes you vulnerable to cold.
 l - an amulet of reflection (around neck)
 m - a ring of protection from fire (right hand)
 u - a +6 ring of strength (left hand)
 z - a ring of willpower
Wands
 c - a wand of polymorph (16)
 f - a wand of roots (14)
 v - a wand of mindburst (3)
 y - a wand of flame (16) (quivered)
 E - a wand of charming (6)
 F - a wand of light (14)
 I - a wand of digging (2)
Scrolls
 a - 2 scrolls of fog
 e - 2 scrolls of blinking
 i - 5 scrolls of teleportation
 B - 4 scrolls of identify
 C - a scroll of fear
 D - a scroll of revelation
 G - a scroll of poison
Potions
 h - 2 potions of lignification
 j - a potion of berserk rage
 k - 2 potions of heal wounds
 p - 3 potions of mutation
 r - 2 potions of attraction
 s - a potion of brilliance
 w - 2 potions of curing
 L - a potion of haste {unknown}


   Skills:
 + Level 7.6 Fighting
 + Level 5.1 Maces & Flails
 + Level 7.6 Armour
 + Level 7.6 Shields
 + Level 7.2 Unarmed Combat
 + Level 8.8 Evocations


You knew the following spells:

 Your Spells              Type           Power      Damage    Failure   Level
a - Sandblast             Erth           0%         2d4       99%         1
b - Jinxbite              Hex            0%         N/A       99%         2
c - Mercury Vapours       Alch/Air       0%         N/A       99%         2
d - Ignite Poison         Fire/Alch      0%         N/A       100%        4
e - Yara's Violent Unrav  Hex/Alch       0%         3d3       100%        5
Your spell library was empty.


Dungeon Overview and Level Annotations

Branches:
Dungeon (9/15)             Temple (0/1) D:4             Orc (0/2) D:9
  Sewer (visited)
   Lair: D:8-11

Altars:
Makhleb
Qazlal
Uskayaw
Xom

Shops:
D:3 **:(   D:7 *   D:9 [


Innate Abilities, Weirdness & Mutations

You are immune to sickness and miasma.
You are immune to poison.
Your flesh is very heat resistant. (rF++)
You are vulnerable to cold. (rC-)
You float through the air rather than walking.
You learn spells naturally, not from books.
Your magical power is your life essence.
You have superior vitality. (+4 MHP)
You do not regenerate when monsters are visible.


Message History

The gnoll sergeant completely misses you.
You block the troll's attack. The troll claws you.
* * * LOW HITPOINT WARNING * * *
The troll barely misses you.
The gnoll sergeant hits you from afar with a +0 spear!
* * * LOW HITPOINT WARNING * * *
You block the gnoll sergeant's attack.
You feel much better.
The gnoll sergeant hits you but does no damage.
The troll bites you! You block the troll's attack.
The troll claws you but does no damage. The gnoll sergeant closely misses you.
The troll bites you!
* * * LOW HITPOINT WARNING * * *
The troll claws you but does no damage. x2
The troll attacks as it pursues you! You block the troll's attack. x2
The troll claws you but does no damage. The troll bites you.
* * * LOW HITPOINT WARNING * * *
You block the troll's attack. x2
The troll attacks as it pursues you! You block the troll's attack.
The troll claws you but does no damage. The troll claws you.
* * * LOW HITPOINT WARNING * * *
You block the troll's attack. The troll barely misses you.
The troll closely misses you. The troll attacks as it pursues you!
The troll barely misses you. The troll claws you but does no damage.
The troll barely misses you.
There is a stone staircase leading up here.
The troll bites you but does no damage. You block the troll's attack. x2
The gnoll sergeant hits you but does no damage.
The gnoll sergeant hits you from afar with a +0 spear.
* * * LOW HITPOINT WARNING * * *
The troll bites you but does no damage. The troll claws you.
* * * LOW HITPOINT WARNING * * *
The troll completely misses you.
You fly upwards.
There is a stone staircase leading down here.
You thump the troll! You freeze the troll!
The troll is heavily wounded.
The troll bites you!
You die...

..............#.......##
.......................#
....##...............###
................#....#
........<..#....#...##
#####......#........#
#.##.....#.#........#
......#.##......T○.##
.......###...##.@..#
....##.##.......°..#
.#.###.....##.....##
.#.##...#..........#
.#......#..........##
#...#....#..........#
#........#.........##
.........#..##...###
.............#####


You could see a troll.

Vanquished Creatures
  A two-headed ogre (D:9)
  2 orc sorcerers (D:9)
  Sigmund (D:2)
  A wraith (D:9)
  A wyvern (D:7)
  2 steam dragons (D:7)
  An acid dragon (D:9)
  6 water moccasins
  6 orc warriors
  3 ice beasts
  A sky beast (D:4)
  4 ogres
  A black bear (D:6)
  3 centaurs
  2 kobold brigands (D:9)
  5 bullfrogs
  2 scorpions
  3 wights (D:8)
  8 killer bees
  A howler monkey (D:8)
  3 electric eels (D:5)
  5 hounds
  A gnoll bouda (D:7)
  Crazy Yiuf (D:2)
  7 orc priests
  A sleepcap (D:6)
  Ijyb (D:5)
  3 iguanas
  6 orc wizards
  8 gnolls
  10 adders
  2 shadow imps
  13 dart slugs
  2 ribbon worms
  37 orcs
  12 ball pythons
  9 endoplasms
  17 giant cockroaches
  8 goblins
  10 hobgoblins
  4 jackals
  A quokka (D:3)
  4 bats
  9 frilled lizards
  15 kobolds
  5 rats
248 creatures vanquished.

Vanquished Creatures (others)
  A kobold (D:9)
1 creature vanquished.

Grand Total: 249 creatures vanquished

Notes
Turn   | Place    | Note
-------+----------+-------------------------------------------
     0 | D:1      | senseless the Djinni Fighter began the quest for the Orb.
     0 | D:1      | Reached XP level 1. HP: 20/20 MP: 0/0
    99 | D:1      | Reached XP level 2. HP: 24/25 MP: 0/0
   175 | D:1      | Reached XP level 3. HP: 21/30 MP: 0/0
   175 | D:1      | Learned a level 1 spell: Sandblast
   402 | D:1      | Found a faded altar of an unknown god.
   984 | D:2      | Noticed Sigmund
   998 | D:2      | Reached XP level 4. HP: 29/35 MP: 0/0
  1011 | D:2      | Killed Sigmund
  1012 | D:2      | Reached XP level 5. HP: 10/41 MP: 0/0
  1012 | D:2      | Learned a level 2 spell: Jinxbite
  1012 | D:2      | Reached XP level 6. HP: 11/47 MP: 0/0
  1306 | D:2      | Found a runed translucent door.
  1307 | D:2      | Noticed Crazy Yiuf
  1597 | D:2      | Killed Crazy Yiuf
  1602 | D:2      | Identified the +8 hammer "Gar Gaickaz" {freeze, Will+
                  | Int+3}
  1632 | D:3      | Found Pedow's General Store.
  1650 | D:3      | Found Riemin's Weapon Shoppe.
  1684 | D:3      | Found Xocen's Book Emporium.
  1790 | D:3      | Found Xuthryvoe's General Store.
  2333 | D:3      | Identified a scroll of acquirement
  2333 | D:3      | Acquired a manual of Evocations
  2443 | D:4      | Found a glowing drain.
  2449 | Sewer    | Entered a sewer
  2548 | Sewer    | Reached XP level 7. HP: 51/53 MP: 0/0
  2548 | Sewer    | Learned a level 2 spell: Mercury Vapours
  2569 | Sewer    | Reached skill level 1 in Evocations
  2576 | Sewer    | Reached skill level 1 in Maces & Flails
  2659 | D:4      | Reached skill level 2 in Evocations
  2762 | D:4      | Identified the ring "Qocuts" {Fire Dex+2}
  2795 | D:4      | Found a stormy altar of Qazlal.
  2807 | D:4      | Became a worshipper of Qazlal Stormbringer
  2845 | D:4      | Reached XP level 8. HP: 30/58 MP: 0/0
  2980 | D:4      | Found a staircase to the Ecumenical Temple.
  3375 | D:5      | Entered Level 5 of the Dungeon
  3488 | D:5      | Found a transporter.
  3593 | D:5      | Found a transporter.
  3725 | D:5      | Reached skill level 3 in Evocations
  3729 | D:5      | Reached skill level 5 in Fighting
  3729 | D:5      | Reached skill level 5 in Armour
  3729 | D:5      | Reached skill level 5 in Shields
  3833 | D:5      | Reached * piety under Qazlal
  3854 | D:5      | Noticed Ijyb
  3860 | D:5      | Killed Ijyb
  4120 | D:5      | Reached skill level 4 in Evocations
  4463 | D:6      | Reached XP level 9. HP: 39/65 MP: 0/0
  4463 | D:6      | Learned a level 4 spell: Ignite Poison
  4562 | D:6      | Reached skill level 5 in Unarmed Combat
  4588 | D:6      | Reached skill level 5 in Evocations
  5344 | D:6      | Identified the +7 dagger "Maxoasse" {heavy, rPois rCorr}
  5784 | D:7      | Reached skill level 6 in Evocations
  5869 | D:7      | Found Bulanaic's Serpentskin Sales.
  5950 | D:7      | Reached XP level 10. HP: 71/73 MP: 0/0
  5961 | D:7      | Reached ** piety under Qazlal
  6189 | D:7      | Reached skill level 7 in Evocations
  6905 | D:3      | Bought a scroll of enchant armour for 75 gold pieces
  6905 | D:3      | Bought a scroll of identify for 20 gold pieces
  6946 | D:3      | Bought a scroll of identify for 26 gold pieces
  6946 | D:3      | Bought a scroll of teleportation for 39 gold pieces
  7566 | D:8      | Found a burning altar of Makhleb.
  7640 | D:8      | Found a shimmering altar of Xom.
  7678 | D:8      | Found a hide-covered altar of Uskayaw.
  7879 | D:9      | Noticed an orc sorcerer
  7884 | D:9      | Noticed an orc sorcerer
  7888 | D:9      | Killed an orc sorcerer
  7891 | D:9      | Gained mutation: You do not regenerate when monsters are
                  | visible. [a neqoxec]
  7891 | D:9      | Killed an orc sorcerer
  7892 | D:9      | Reached skill level 8 in Evocations
  7920 | D:9      | Reached *** piety under Qazlal
  8098 | D:9      | Noticed a two-headed ogre
  8105 | D:9      | Killed a two-headed ogre
  8106 | D:9      | Reached XP level 11. HP: 79/79 MP: 0/0
  8106 | D:9      | Learned a level 5 spell: Yara's Violent Unravelling
  8157 | D:9      | Reached skill level 5 in Maces & Flails
  8319 | D:9      | Found Gukaacw's Antique Armour Shop.
  8470 | D:9      | Found a staircase to the Orcish Mines.
  8500 | D:8      | Slain by a troll

Illustrated notes

Levels and vault maps discovered:
D:1:      dpeg_arrival_stonehenge_8_columns, layout_loops_ring,
          dreamdust_ecumenical_altar_grove, minmay_pentomino_u2
D:2:      layout_basic, kennysheep_generic_room_13, uniq_sigmund,
          uniq_crazy_yiuf_cottage
D:3:      layout_loops_ring, serial_shops, nicolae_shop_window_shopping,
          nicolae_shop_gibbet_a_chance, nicolae_shop_bloodbath_and_beyond,
          nicolae_shop_stone
D:4:      layout_loops_ring, mainiacjoe_overflow_concentric_impassable,
          minmay_temple_entry_large_hall,
          mainiacjoe_sewer_entry_somewhere_in_here_1, serial_bayou_pond_c,
          chequers_serial_rivers_small_3
D:5:      gammafunk_steamed_eel, layout_gridville, uniq_ijyb
D:6:      layout_cave_pods
D:7:      layout_gridville, guppyfry_shop_venom
D:8:      layout_cave_pools, lemuel_tele_altar, mainiacjoe_overflow_two_lobes
D:9:      cheibrodos_wizards_tower, layout_basic,
          kennysheep_orc_monster_closet_entryway, serial_shops, shop

Skill      XL: |  1  2  3  4  5  6  7  8  9 10 11 |
---------------+----------------------------------+-----
Fighting       | 4 5 6 7 |  7.6
Armour         | 4 5 6 7 |  7.6
Shields        | 4 5 6 7 |  7.6
Unarmed Combat | 3 4 5 7 |  7.2
Evocations     | 2 4 6 8 |  8.8
Maces & Flails | 1 2 3 4 5 |  5.1

Action                     |  1- 3 |  4- 6 |  7- 9 | 10-12 || total
---------------------------+-------+-------+-------+-------++-------
  Melee: Unarmed           |   132 |    50 |       |       ||   182
         Mace              |       |    74 |   201 |   206 ||   481
   Cast: Sandblast         |     1 |       |       |       ||     1
  Evoke: Wand              |       |       |     8 |     5 ||    13
    Use: Potion            |       |     2 |       |     3 ||     5
         Scroll            |       |    10 |    10 |     4 ||    24
 Armour: Scale mail        |    85 |    13 |       |       ||    98
         Chain mail        |       |    52 |   127 |       ||   179
         Plate armour      |       |       |    32 |   161 ||   193
  Dodge: Dodged            |    53 |    34 |    55 |    52 ||   194
  Block: Buckler           |    30 |    70 |   130 |   163 ||   393
         Reflection        |       |     1 |    11 |     2 ||    14

Table legend: (Time is in decaauts)
 A = Elapsed time spent in this place.
 B = Non-inter-level travel time spent in this place.
 C = Inter-level travel time spent in this place.
 D = Time resting spent in this place.
 E = Time spent auto-exploring this place.
 F = Levels seen in this place.
 G = Mean time per level.
                   A        B        C        D        E       F      G
               +--------+--------+--------+--------+--------+-----+--------+
         Total |   8643 |   8027 |    616 |    524 |   5801 |  10 |  864.3 |
       Dungeon |   8430 |   7814 |    616 |    524 |   5714 |   9 |  936.7 |
         Sewer |    213 |    213 |      0 |      0 |     87 |   1 |  213.0 |
               +--------+--------+--------+--------+--------+-----+--------+

Top non-repeatable levels by time:
     D:6: 1335 daAuts
     D:5: 1176 daAuts
     D:7: 1027 daAuts
     D:2: 900 daAuts
     D:3: 874 daAuts
     D:4: 831 daAuts
     D:8: 823 daAuts
     D:9: 734 daAuts
     D:1: 727 daAuts
   Sewer: 213 daAuts
